 Dungeon Crawl Stone Soup version 0.25.1-2-g60ff931df9 (webtiles) character file.

Game seed: 1665718194941506862

1175 Delamore the Basher (level 8, -3/49 HPs)
             Began as a Gargoyle Fighter on Sept 1, 2020.
             Was a Follower of Okawaru.
             Killed by nerve-wracking pain
             ... invoked by an orc priest
              (5 damage)
             ... on level 6 of the Dungeon.
             The game lasted 00:06:13 (6032 turns).

Delamore the Basher (Gargoyle Fighter)              Turns: 6032, Time: 00:06:13

Health: -3/49      AC: 12    Str: 20 (23) XL:     8   Next: 41%
Magic:  8/8        EV:  7    Int:  6 (8)  God:    Okawaru [*.....]
Gold:   320        SH:  9    Dex:  7 (9)  Spells: 7/7 levels left

rFire    . . .     SeeInvis .   D - +1 whip (flame)
rCold    . . .     Gourm    .   c - +0 kite shield
rNeg     + . .     Faith    +   b - +0 scale mail
rPois    ∞         Spirit   .   (no helmet)
rElec    +         Reflect  .   (no cloak)
rCorr    .         Harm     .   (no gloves)
MR       .....                  (no boots)
Stlth    ..........             y - amulet of faith
HPRegen  0.16/turn              (no ring)
MPRegen  0.11/turn              (no ring)

@: no status effects
A: negative energy resistance 1, electricity resistance, unbreathing,
petrification resistance, rot immunity, AC +5
a: Heroism, Renounce Religion


You were on level 6 of the Dungeon.
You worshipped Okawaru.
Okawaru was aware of your devotion.
You were hungry.

You visited 2 branches of the dungeon, and saw 7 of its levels.

You collected 320 gold pieces.

Inventory:

Hand Weapons
 D - a +1 whip of flaming (weapon)
Missiles
 n - 3 atropa-tipped darts (quivered)
Armour
 b - a +0 scale mail (worn)
 c - a +0 kite shield (worn)
Jewellery
 v - an uncursed amulet of guardian spirit
 y - an amulet of faith (around neck)
Wands
 r - a wand of iceblast (12)
Scrolls
 h - 2 scrolls of blinking
 i - 6 scrolls of teleportation
 j - a scroll of enchant weapon
 m - 2 scrolls of enchant armour
 p - a scroll of magic mapping
 t - a scroll of amnesia
 u - a scroll of noise
 x - 2 scrolls of random uselessness
Potions
 d - 2 potions of might
 l - 3 potions of brilliance
 s - 2 potions of ambrosia
 z - a potion of cancellation {unknown}
 B - a potion of lignification
Comestibles
 f - 8 rations


   Skills:
 - Level 5.0 Fighting
 + Level 8.0 Maces & Flails
 - Level 5.0 Armour
 - Level 5.0 Shields


You had 7 spell levels left.
You didn't know any spells.
Your spell library contained the following spells:

 Spells                   Type           Power        Failure   Level  Hunger
 Magic Dart               Conj           #...         99%         1    ##.....
 Searing Ray              Conj           #.....       100%        2    ###....
 Dazzling Flash           Conj/Hex       #.....       100%        3    ####...
 Fulminant Prism          Conj/Hex       #.........   100%        4    #####..
 Iskenderun's Mystic Bla  Conj/Tloc      #.......     100%        4    #####..


Dungeon Overview and Level Annotations

Branches:
Dungeon (6/15)             Temple (1/1) D:5

Altars:
Ashenzari
Cheibriados
Dithmenos
Elyvilon
Fedhas
Gozag
Hepliaklqana
Kikubaaqudgha
Nemelex Xobeh
Okawaru
Qazlal
Ru
Sif Muna
Uskayaw
Vehumet
Wu Jian
Zin
The Shining One

Annotations:
D:5 Prince Ribbit


Innate Abilities, Weirdness & Mutations

You are resistant to torment.
Your stone body is resilient. (AC +5)
You are immune to poison.
You resist negative energy. (rN+)
You are resistant to electric shocks. (rElec)
You can survive without breathing.
You are immune to petrification.
You are immune to rotting.


Message History

You hit the orc warrior but do no damage.
The orc warrior is moderately wounded.
You block the orc warrior's attack.
You hit the orc warrior but do no damage.
The orc warrior is moderately wounded.
You block the orc warrior's attack.
You barely miss the orc warrior.
The orc warrior is moderately wounded.
You hit the orc warrior but do no damage.
The orc warrior is moderately wounded.
The orc warrior hits you with a +0 scimitar!
* * * LOW HITPOINT WARNING * * *
You hit the orc warrior but do no damage.
The orc warrior is moderately wounded.
The orc warrior hits you with a +0 scimitar.
* * * LOW HITPOINT WARNING * * *
The orc priest looks satisfied for a moment.
The orc priest invokes the aid of Beogh against you.
Pain shoots through your body!
You die...

.... ...
... #..
.... #..
...
#..####'##
#........#
#........#
#..@.....#
#.......##
#...o...#
#.....o.#
#.......#
#...o...#
#......o#
##.......#
##...####.#


You could see an orc warrior, an orc priest and 2 orcs.

Vanquished Creatures
  Pikel (D:6)
  A slave (D:5)
  2 centaurs
  A scorpion (D:4)
  A howler monkey (D:4)
  2 crimson imps
  3 hounds
  2 orc wizards
  Natasha (D:3)
  2 worker ants
  A hound skeleton (D:4)
  A hound zombie (D:5)
  4 adders
  2 shadow imps
  2 worms
  5 leopard geckos
  11 orcs
  7 bats
  2 giant cockroaches
  7 goblins
  7 hobgoblins
  8 jackals
  2 quokkas
  11 frilled lizards
  7 kobolds
  A quokka zombie (D:5)
  3 rats
97 creatures vanquished.

Vanquished Creatures (others)
  A slave (D:6)
  An orc wizard (D:6)
  A worker ant (D:6)
  A jackal zombie (D:6)
4 creatures vanquished.

Grand Total: 101 creatures vanquished

Notes
Turn   | Place    | Note
-------+----------+-------------------------------------------
     0 | D:1      | Delamore the Gargoyle Fighter began the quest for the Orb.
     0 | D:1      | Reached XP level 1. HP: 14/14 MP: 1/1
    80 | D:1      | Reached XP level 2. HP: 15/19 MP: 2/2
   900 | D:1      | Reached XP level 3. HP: 23/23 MP: 3/3
  1340 | D:2      | Found a shattered altar of Ashenzari.
  1761 | D:2      | Found a shimmering blue altar of Sif Muna.
  1941 | D:2      | Reached XP level 4. HP: 29/29 MP: 4/4
  2625 | D:3      | Noticed Natasha
  2636 | D:3      | Killed Natasha
  2793 | D:4      | Reached XP level 5. HP: 33/33 MP: 5/5
  2927 | D:4      | Found a radiant altar of Vehumet.
  2929 | D:4      | Found a snail-covered altar of Cheibriados.
  3098 | D:4      | Reached skill level 3 in Maces & Flails
  3098 | D:4      | Reached skill level 5 in Armour
  3363 | D:4      | Noticed a centaur
  3375 | D:4      | Killed a centaur
  3375 | D:4      | Reached XP level 6. HP: 28/39 MP: 6/6
  4041 | D:5      | Entered Level 5 of the Dungeon
  4175 | D:4      | Reached skill level 5 in Shields
  4186 | D:4      | Reached skill level 5 in Fighting
  4186 | D:4      | Reached skill level 4 in Maces & Flails
  4186 | D:4      | Reached XP level 7. HP: 41/44 MP: 7/7
  4194 | D:5      | Found a sacrificial altar of Ru.
  4203 | D:5      | Found a white marble altar of Elyvilon.
  4231 | D:5      | Found a staircase to the Ecumenical Temple.
  4243 | Temple   | Entered the Ecumenical Temple
  4375 | Temple   | Became a worshipper of Warmaster Okawaru
  4541 | D:5      | Reached skill level 5 in Maces & Flails
  4999 | D:5      | Noticed Prince Ribbit
  5561 | D:6      | Noticed Pikel
  5606 | D:6      | Killed Pikel
  5606 | D:6      | Reached * piety under Okawaru
  5606 | D:6      | Reached skill level 7 in Maces & Flails
  5606 | D:6      | Reached XP level 8. HP: 19/49 MP: 4/8
  5980 | D:6      | Reached skill level 8 in Maces & Flails
  6014 | D:6      | HP: 2/49 [orc warrior/+0 scimitar (13)]
  6024 | D:6      | HP: 1/49 [orc warrior/+0 scimitar (5)]
  6032 | D:6      | Killed from afar by an orc priest

Illustrated notes

Levels and vault maps discovered:
D:1:      minmay_arrival_wavy_path, layout_loops_ring
D:2:      layout_basic, ashenzari_conservatory_becter, first_ration,
          lemuel_blue_sif_altar
D:3:      layout_loops_cross, minmay_unequal, uniq_natasha
D:4:      layout_cave_pods, minitemple, serial_column_ruins,
          column_ruins_circle_medium, column_ruins_hut, column_ruins_open_tiny,
          column_ruins_grid_2, column_ruins_corridor_T, column_ruins_open_small
D:5:      layout_loops_cross, chequers_temple_overflow_statue_of_worship,
          minmay_temple_entry_waves, gammafunk_ghost_nasty_kobolds,
          minmay_misc_feat_roman, uniq_prince_ribbit1
D:6:      layout_basic, tgw_xom, gammafunk_temple_overflow_arena,
          interstate_on_off, bloody_makhleb, uniq_pikel
Temple:   dshaligram_water_room_temple

Skill      XL: |  1  2  3  4  5  6  7  8 |
---------------+-------------------------+-----
Armour         | 4 5 |  5.0
Fighting       | 4 5 |  5.0
Shields        | 4 5 |  5.0
Maces & Flails | 3 4 7 8 |  8.0

Action                   |  1- 3 |  4- 6 |  7- 9 || total
-------------------------+-------+-------+-------++-------
Melee: Mace              |   114 |   218 |   246 ||   578
       Flail             |     6 |       |       ||     6
       Whip              |       |       |    57 ||    57
Throw: Dart              |       |     1 |     2 ||     3
  Use: Scroll            |     3 |     7 |     2 ||    12
       Potion            |       |       |     7 ||     7
  Eat: Chunk             |     3 |     8 |     6 ||    17
Armor: Scale mail        |    72 |   146 |   183 ||   401
       Skin              |       |       |     6 ||     6
Dodge: Dodged            |    34 |    90 |    76 ||   200
Block: Kite shield       |    71 |   129 |   162 ||   362
